 Dungeon Crawl Stone Soup version 0.28-a0-1555-g9ae15a6949 (webtiles) character file.

Game seed: 4074624960692357065

180866 belegose the Unseen (level 18, -4/145 HPs)
             Began as a Gnoll Delver on Jan 16, 2022.
             Was the Champion of Zin.
             Slain by a +1 battleaxe of electrocution (22 damage)
             ... while paralysed by an air elemental
             ... on level 3 of the Elven Halls on Jan 18, 2022.
             The game lasted 06:14:46 (71936 turns).

belegose the Unseen (Gnoll Delver)                 Turns: 71936, Time: 06:14:48

Health: -4/145     AC: 14    Str: 12    XL:     18   Next: 28%
Magic:  0/34       EV:  2    Int: 24    God:    Zin [******]
Gold:   704        SH:  0    Dex: 15    Spells: 14/41 levels left

rFire   + . .      SeeInvis +   a - +2 rapier (venom)
rCold   + . .      Faith    .   z - +0 buckler
rNeg    + . .      Spirit   +   L - +1 ring mail {Will+}
rPois   .          Reflect  .   U - +3 crown of Dyrovepreva {rElec Int+2 SInv}
rElec   +          Harm     .   h - scarf {rC+ rF+}
rCorr   .          Rampage  .   H - +0 pair of gloves
Will    ++...                   e - +0 pair of boots
Stlth   +++++.....              I - amulet of guardian spirit
HPRegen 0.34/turn               J - ring of positive energy
MPRegen 0.24/turn               k - +6 ring of intelligence

@: paralysed, hasted
A: fangs 1, strong nose, distributed training
a: Renounce Religion, Recite, Vitalisation, Imprison, Sanctuary, Donate Gold


You were on level 3 of the Elven Halls.
You worshipped Zin.
Zin was exalted by your worship.
You visited 6 branches of the dungeon, and saw 31 of its levels.

You collected 3174 gold pieces.
You spent 2179 gold pieces at shops.
You donated 291 gold pieces to Zin.

Inventory:

Hand Weapons
 a - a +2 rapier of venom (weapon)
 b - a +4 scimitar of electrocution
 w - a +3 scimitar of flaming
Missiles
 l - 20 poisoned darts
 m - 8 throwing nets
 n - 3 boomerangs (quivered)
 K - a silver javelin
Armour
 e - a +0 pair of boots (worn)
 h - a scarf of resistance (worn)
 v - a +2 cloak of preservation
 z - a +0 buckler (worn)
 A - +2 pearl dragon scales
 H - a +0 pair of gloves (worn)
 L - a +1 ring mail of willpower (worn)
 T - a +2 cloak of willpower
 U - the +3 crown of Dyrovepreva (worn) {rElec Int+2 SInv}
   (You found it on level 14 of the Dungeon)

   Int:       It affects your intelligence (+2).
   rElec:     It insulates you from electricity.
   SInv:      It lets you see invisible.
Jewellery
 j - a +4 ring of protection
 k - a +6 ring of intelligence (right hand)
 G - a ring of fire
 I - an amulet of guardian spirit (around neck)
 J - a ring of positive energy (left hand)
 N - a ring of fire
 O - a ring of protection from cold
Wands
 g - a wand of digging (11)
 r - a wand of paralysis (2)
Scrolls
 c - 2 scrolls of fog
 d - 6 scrolls of magic mapping
 p - 11 scrolls of teleportation
 q - 3 scrolls of blinking
 s - 6 scrolls of fear
 u - 3 scrolls of identify
 y - 2 scrolls of silence
 B - a scroll of enchant armour
Potions
 f - a potion of haste
 i - a potion of resistance
 t - a potion of berserk rage
 x - 4 potions of curing
 C - 2 potions of might
 D - 4 potions of brilliance
 E - 3 potions of ambrosia
 Q - a potion of cancellation


   Skills:
 + Level 13.8 Fighting
 + Level 12.3 Short Blades
 + Level 12.3 Long Blades
 + Level 12.3 Axes
 + Level 13.1 Maces & Flails
 + Level 12.3 Polearms
 + Level 12.3 Staves
 + Level 12.3 Slings
 + Level 12.3 Bows
 + Level 12.3 Crossbows
 + Level 12.3 Throwing
 + Level 12.3 Armour
 + Level 13.1 Dodging
 + Level 15.2 Stealth
 + Level 12.3 Shields
 + Level 12.3 Unarmed Combat
 + Level 12.3 Spellcasting
 + Level 10.4 Conjurations
 + Level 10.4 Hexes
 + Level 10.4 Summonings
 + Level 10.4 Necromancy
 + Level 10.4 Translocations
 + Level 10.4 Transmutations
 + Level 10.4 Fire Magic
 + Level 10.4 Ice Magic
 + Level 10.4 Air Magic
 + Level 10.4 Earth Magic
 + Level 10.4 Poison Magic
 + Level 13.3 Invocations
 + Level 12.3 Evocations


You had 14 spell levels left.
You knew the following spells:

 Your Spells              Type           Power      Damage    Failure   Level
a - Poisonous Vapours     Pois/Air       100%       N/A       1%          2
b - Blink                 Tloc           100%       N/A       1%          2
c - Mephitic Cloud        Conj/Pois/Air  59%        N/A       1%          3
d - Summon Guardian Gole  Hex/Summ       59%        N/A       1%          3
e - Ensorcelled Hibernat  Hex/Ice        100%       N/A       1%          2
f - Iskenderun's Mystic   Conj/Tloc      59%        2d12      1%          4
g - Summon Lightning Spi  Summ/Air       59%        N/A       1%          4
h - Fulminant Prism       Conj/Hex       29%        3d14      1%          4
i - Swiftness             Air            59%        N/A       1%          3

Your spell library contained the following spells:

 Spells                   Type           Power      Damage    Failure   Level
 Animate Skeleton         Necr           100%       N/A       1%          1
 Apportation              Tloc           100%       N/A       1%          1
 Freeze                   Ice            100%       1d11      1%          1
 Pain                     Necr           100%       1d9       1%          1
 Shock                    Conj/Air       100%       1d9       1%          1
 Summon Small Mammal      Summ           100%       N/A       1%          1
 Corpse Rot               Necr/Air       100%       N/A       1%          2
 Sublimation of Blood     Necr           59%        N/A       1%          2
 Call Canine Familiar     Summ           59%        N/A       1%          3
 Frozen Ramparts          Ice            100%       1d12      1%          3
 Ozocubu's Armour         Ice            59%        N/A       1%          3
 Spider Form              Tmut/Pois      59%        N/A       1%          3
 Airstrike                Air            29%        N/A       1%          4
 Anguish                  Hex/Necr       29%        N/A       1%          4
 Hailstorm                Conj/Ice       59%        3d13      1%          4
 Olgreb's Toxic Radiance  Pois           59%        N/A       1%          4
 Petrify                  Tmut/Erth      59%        N/A       1%          4
 Summon Ice Beast         Ice/Summ       59%        N/A       1%          4
 Agony                    Necr           59%        N/A       3%          5
 Excruciating Wounds      Necr           29%        N/A       3%          5
 Irradiate                Conj/Tmut      29%        3d23      3%          5
 Lee's Rapid Deconstruct  Erth           29%        3d16*     3%          5
 Lightning Bolt           Conj/Air       29%        1d46      3%          5
 Manifold Assault         Tloc           59%        N/A       3%          5
 Metabolic Englaciation   Hex/Ice        29%        N/A       3%          5
 Conjure Ball Lightning   Conj/Air       29%        3x3d8     19%         6
 Simulacrum               Ice/Necr       29%        N/A       19%         6
 Summon Cactus Giant      Summ           29%        N/A       19%         6
 Orb of Destruction       Conj           29%        9d9       71%         7
 Ozocubu's Refrigeration  Ice            29%        4d10      71%         7
 Spellforged Servitor     Conj/Summ      29%        N/A       71%         7
 Storm Form               Tmut/Air       29%        N/A       71%         7
 Ignition                 Fire           29%        3d9       100%        8
 Lehudib's Crystal Spear  Conj/Erth      29%        10d8      100%        8


Dungeon Overview and Level Annotations

Branches:
Dungeon (15/15)            Temple (1/1) D:7            Lair (6/6) D:10
 Shoals (4/4) Lair:2        Snake (0/4) Lair:3        Slime (0/5) Lair:5
    Orc (2/2) D:12            Elf (3/3) Orc:2        Vaults (0/5) D:13
 Depths (0/4) D:15

Altars:
Ashenzari
Cheibriados
Dithmenos
Elyvilon
Fedhas
Gozag
Hepliaklqana
Kikubaaqudgha
Makhleb
Nemelex Xobeh
Okawaru
Qazlal
Ru
Sif Muna
Trog
Uskayaw
Vehumet
Wu Jian
Xom
Yredelemnul
Zin
The Shining One
Beogh
Jiyva

Shops:
D:7 *   D:13 [   D:15 [   Orc:2 [=?=   Shoals:1 *

Annotations:
D:8 exclusion: door, Harold
Lair:6 Rupert
Shoals:2 exclusion: downstairs
Shoals:3 exclusion: downstairs
Shoals:4 Mara
Elf:1 exclusion: downstairs
Elf:2 5 runed translucent doors, 2 transporters, exclusions: 2 doors and downstairs, Nikola; RBrandon's ghost, adept DEEn
Elf:3 1 exclusion


Innate Abilities, Weirdness & Mutations

You have very sharp teeth.
Your uncanny sense of smell can sniff out nearby items.
Your experience applies equally to all skills.


Message History

* * * LOW HITPOINT WARNING * * *
The air elemental is engulfed in blazing flames.
You block the +2 scimitar of freezing's attack.
The +1 battleaxe of electrocution is engulfed in blazing flames.
You feel much better.
The sentinel's mark upon you fades away.
The air elemental is engulfed in blazing flames.
The air elemental fires a burst of electricity at you.
The stunning burst hits the +1 battleaxe of electrocution.
The +1 battleaxe of electrocution completely resists.
The stunning burst hits the +2 scimitar of freezing.
The +2 scimitar of freezing completely resists.
The stunning burst misses you.
The deep elf zephyrmancer casts a spell at you.
The bolt of lightning misses the air elemental.
The bolt of lightning hits the +1 battleaxe of electrocution.
The +1 battleaxe of electrocution completely resists.
The bolt of lightning hits the +2 scimitar of freezing.
The +2 scimitar of freezing completely resists.
The bolt of lightning misses you. The +2 scimitar of freezing misses you.
You feel yourself speed up.
The air elemental is engulfed in blazing flames.
The air elemental fires a burst of electricity at you.
The stunning burst hits the +2 scimitar of freezing.
The +2 scimitar of freezing completely resists.
The stunning burst hits you. You resist.
You suddenly lose the ability to move!
* * * LOW HITPOINT WARNING * * *
The air elemental is engulfed in blazing flames.
The air elemental is destroyed!
The +2 scimitar of freezing hits you.
* * * LOW HITPOINT WARNING * * *
The +2 scimitar of freezing freezes you.
* * * LOW HITPOINT WARNING * * *
The deep elf zephyrmancer points at you and mumbles some strange words.
The bolt of lightning hits the +2 scimitar of freezing.
The +2 scimitar of freezing completely resists.
The bolt of lightning hits you! You resist.
* * * LOW HITPOINT WARNING * * *
The +1 battleaxe of electrocution hits you!!
You die...

#.* ##.###.# ** #.*
##.##.#######*, #.*
##..........,, #.*
###.######,** #.* #.#
**,** #.*###### #.# **,**
#.##....### #.#**,**
#.......(.####(#*,**
*#....<.@(.§.§e(#,**
*#..##....######..#* #
#...*#.###.#***#.##****###
#...#.## *#..,,...,,,,<,..
#....#* *#.....##******#
#...#* *#...## * #...*
*###* *..,* **,**


You could see a deep elf zephyrmancer and 4 dancing weapons.

Vanquished Creatures
  A deep elf sorcerer (Elf:1)
  2 deep elf demonologists (Orc:2)
  A deep elf annihilator (Orc:2)
  An ettin (Orc:2)
  Josephine (D:11)
  2 merfolk impalers
  A fire dragon (D:15)
  The ghost of louisi3 the Fighter, a journeyman MiMo of Wu Jian (Lair:1)
  Erolcha (Orc:1)
  5 boulder beetles
  3 catoblepae
  12 hydras
  A death knight (D:15)
  2 alligator snapping turtles (Shoals:2)
  3 merfolk aquamancers (Shoals:2)
  A death yak (Shoals:2)
  A tengu warrior (D:14)
  5 centaur warriors
  A satyr (Shoals:3)
  3 two-headed ogres
  10 dancing weapons
  2 orc high priests
  4 deep elf knights
  A skeletal warrior (D:15)
  7 sea snakes
  A spriggan simulacrum (Elf:1)
  2 bog bodies
  5 orc knights
  A phantasmal warrior (D:13)
  7 harpies
  A lindwurm (D:10)
  4 deep elf archers
  7 fauns
  A wolf spider (shapeshifter) (D:14)
  10 deep elf zephyrmancers
  An oklob plant (Lair:2)
  5 manticores
  A mana viper (shapeshifter) (D:13)
  20 deep elf pyromancers
  2 orc sorcerers (Orc:2)
  9 cyclopes
  2 ugly things (D:13)
  2 merfolk sirens
  5 elephants
  Maurice (Orc:2)
  5 torpor snails
  A black mamba (Lair:5)
  10 cane toads
  3 gargoyles
  2 efreet (D:15)
  A yaktaur (D:12)
  7 komodo dragons
  3 rime drakes
  2 kobold demonologists
  2 freezing wraiths
  An entropy weaver simulacrum (Elf:1)
  2 meliai
  5 trolls
  10 merfolk
  A hornet (shapeshifter) (D:14)
  2 dream sheep (Shoals:1)
  9 slime creatures
  Prince Ribbit (D:8)
  18 blink frogs
  6 snapping turtles
  15 water elementals
  3 vampires
  3 air elementals
  32 yaks
  4 wraiths
  2 wyverns
  2 basilisks
  2 fire elementals
  3 steam dragons
  4 vampire mosquitoes
  7 wargs
  2 harpy simulacra (Elf:1)
  An acid dragon (D:12)
  Duvessa (D:3)
  8 water moccasins
  2 hell hounds (D:14)
  An ice beast (D:7)
  A black bear (D:7)
  A boggart (shapeshifter) (D:14)
  44 orc warriors
  A necrophage (D:4)
  4 wolves (Lair:4)
  An alligator simulacrum (Elf:1)
  4 ogres
  17 centaurs
  A phantom (D:4)
  9 bullfrogs
  An earth elemental (Elf:1)
  2 scorpions
  A deep troll simulacrum (Elf:1)
  A gnoll sergeant (D:8)
  Dowan (D:3)
  A water moccasin skeleton (D:5)
  A water moccasin zombie (D:6)
  A lindwurm simulacrum (Elf:1)
  33 killer bees
  9 wights
  A howler monkey (D:11)
  3 electric eels
  4 centaur zombies
  5 hounds
  15 orc priests
  A gnoll shaman (D:5)
  A centaur skeleton (D:6)
  Jessica (D:2)
  2 iguanas
  Natasha (twice) (D:2 D:1)
  27 orc wizards
  Robin (D:2)
  3 adders
  7 gnolls
  2 shadow imps (D:5)
  2 white imps (D:7)
  An adder skeleton (D:4)
  An adder zombie (D:5)
  2 dart slugs
  62 orcs
  4 bats
  5 endoplasms
  4 giant cockroaches
  14 goblins
  7 hobgoblins
  8 jackals
  2 quokkas
  10 ball pythons
  5 frilled lizards
  12 kobolds
  9 rats
  3 fulminant prisms
  A pillar of salt (D:13)
703 creatures vanquished.

Vanquished Creatures (collateral kills)
  A deep elf master archer (Elf:2)
  Polyphemus (Shoals:2)
  A kraken (Shoals:1)
  Louise (Shoals:3)
  Azrael (D:14)
  2 merfolk impalers
  A fire dragon (D:15)
  Snorg (D:14)
  A deep elf death mage (Orc:2)
  2 hydras (D:14)
  An ogre mage (D:14)
  A death knight (D:14)
  2 centaur warriors
  A merfolk aquamancer (Shoals:2)
  2 death yaks (Shoals:2)
  2 deep elf knights
  A fire crab (D:14)
  A skeletal warrior (D:13)
  4 harpies
  4 deep elf archers
  A spriggan simulacrum (Elf:1)
  2 bog bodies (Shoals:2)
  7 deep elf pyromancers
  8 deep elf zephyrmancers
  3 cyclopes
  6 manticores
  4 fauns
  3 merfolk sirens
  3 freezing wraiths (D:14)
  7 merfolk
  A meliai (D:14)
  3 wind drakes
  4 slime creatures (D:15)
  A snapping turtle (Shoals:3)
  A dream sheep (Shoals:1)
  A water elemental (Shoals:2)
  A fire elemental (D:14)
  A wraith (D:14)
  5 hell hounds (D:14)
  An orc warrior (Elf:2)
  A howler monkey (D:14)
  An orc (Elf:2)
  4 kobolds (D:14)
100 creatures vanquished.

Vanquished Creatures (others)
  A deep elf blademaster (Elf:1)
  Frances (D:14)
  A frost giant (D:11)
  8 vault guards (D:13)
  2 hydras
  A death knight (D:13)
  A centaur warrior (D:14)
  A two-headed ogre (D:13)
  3 tengu warriors
  7 skeletal warriors
  A deep elf pyromancer (Elf:1)
  3 ugly things
  2 cyclopes
  A manticore (D:12)
  5 cane toads
  2 gargoyles (D:12)
  3 komodo dragons
  A rime drake (shapeshifter) (D:13)
  A freezing wraith (D:13)
  A troll (D:13)
  2 polar bears (D:12)
  A blink frog (Lair:5)
  2 slime creatures (D:14)
  A vampire (D:12)
  A yak (Lair:1)
  An air elemental (Elf:3)
  A basilisk (D:15)
  3 nagas (Lair:3)
  3 water moccasins
  4 wolves (Lair:3)
  3 killer bees
  An orc (D:7)
  77 fulminant prisms
  30 fungi
  217 plants
  15 tentacles
  6 withered plants (Lair:6)
414 creatures vanquished.

Grand Total: 1217 creatures vanquished

Notes
Turn   | Place    | Note
-------+----------+-------------------------------------------
     0 | D:5      | Reached skill level 9 in Stealth
     0 | D:5      | belegose the Gnoll Delver began the quest for the Orb.
     0 | D:5      | Reached XP level 1. HP: 23/23 MP: 1/1
    13 | D:5      | Noticed a hound
   597 | D:3      | Noticed a black bear
   774 | D:3      | Reached XP level 2. HP: 29/29 MP: 2/2
   788 | D:2      | Noticed Jessica
   797 | D:2      | Killed Jessica
   798 | D:2      | Reached XP level 3. HP: 27/35 MP: 2/4
   976 | D:1      | Reached skill level 1 in Invocations
  1401 | D:1      | Reached skill level 1 in Short Blades
  1401 | D:1      | Reached skill level 1 in Long Blades
  1401 | D:1      | Reached skill level 1 in Axes
  1401 | D:1      | Reached skill level 1 in Polearms
  1401 | D:1      | Reached skill level 1 in Staves
  1401 | D:1      | Reached skill level 1 in Slings
  1401 | D:1      | Reached skill level 1 in Bows
  1401 | D:1      | Reached skill level 1 in Crossbows
  1401 | D:1      | Reached skill level 1 in Throwing
  1401 | D:1      | Reached skill level 1 in Armour
  1401 | D:1      | Reached skill level 1 in Shields
  1401 | D:1      | Reached skill level 1 in Unarmed Combat
  1401 | D:1      | Reached skill level 1 in Spellcasting
  1401 | D:1      | Reached skill level 1 in Evocations
  1782 | D:2      | Noticed Natasha
  1791 | D:2      | Killed Natasha
  1792 | D:2      | Reached XP level 4. HP: 14/41 MP: 5/5
  2058 | D:2      | Noticed a scorpion
  2065 | D:2      | Killed a scorpion
  2066 | D:2      | Reached skill level 1 in Conjurations
  2066 | D:2      | Reached skill level 1 in Hexes
  2066 | D:2      | Reached skill level 1 in Summonings
  2066 | D:2      | Reached skill level 1 in Necromancy
  2066 | D:2      | Reached skill level 1 in Translocations
  2066 | D:2      | Reached skill level 1 in Transmutations
  2066 | D:2      | Reached skill level 1 in Fire Magic
  2066 | D:2      | Reached skill level 1 in Ice Magic
  2066 | D:2      | Reached skill level 1 in Air Magic
  2066 | D:2      | Reached skill level 1 in Earth Magic
  2066 | D:2      | Reached skill level 1 in Poison Magic
  2066 | D:2      | Reached XP level 5. HP: 46/47 MP: 5/7
  2454 | D:2      | Noticed Robin
  2465 | D:2      | Noticed Natasha
  3137 | D:2      | Killed Robin
  3924 | D:3      | Reached XP level 6. HP: 53/53 MP: 8/8
  4113 | D:3      | Found a shimmering altar of Xom.
  4116 | D:3      | Found a snail-covered altar of Cheibriados.
  4116 | D:3      | Found a glowing golden altar of the Shining One.
  4126 | D:3      | Found a shadowy altar of Dithmenos.
  4130 | D:3      | Found a basalt altar of Yredelemnul.
  4919 | D:4      | Reached skill level 5 in Maces & Flails
  4919 | D:4      | Reached skill level 5 in Dodging
  5054 | D:4      | Noticed Dowan
  5069 | D:4      | Noticed Duvessa
  5182 | D:4      | Noticed a necrophage
  5209 | D:4      | Killed a necrophage
  5428 | D:4      | Reached XP level 7. HP: 59/59 MP: 10/10
  6678 | D:6      | Reached skill level 10 in Stealth
  7623 | D:7      | Noticed a vampire
  7656 | D:6      | Reached XP level 8. HP: 42/67 MP: 12/12
  7901 | D:7      | Found a sparkling altar of Nemelex Xobeh.
  8593 | D:7      | HP: 1/61 [steam dragon/ball of steam (17)]
  8884 | D:7      | Found Logiesch's Lightly-Used Armoury.
  9023 | D:7      | Found a transporter.
  9027 | D:7      | Found a transporter.
  9229 | D:7      | Found a staircase to the Ecumenical Temple.
  9240 | Temple   | Entered the Ecumenical Temple
  9413 | Temple   | Became a worshipper of Zin the Law-Giver
  9413 | Temple   | Reached * piety under Zin
  9970 | D:8      | Identified the +6 short sword of Grandeur {vorpal, *Noise
                  | +Blink Str+4}
 10015 | D:8      | Reached ** piety under Zin
 10076 | D:8      | Reached XP level 9. HP: 69/73 MP: 14/14
 10112 | D:8      | Noticed Prince Ribbit
 10134 | D:8      | Killed Prince Ribbit
 10410 | D:8      | Noticed Harold
 12158 | D:9      | Reached skill level 5 in Invocations
 12669 | D:9      | Noticed a two-headed ogre
 13608 | D:10     | Entered Level 10 of the Dungeon
 13672 | D:10     | Noticed a two-headed ogre
 13674 | D:10     | Noticed a boulder beetle
 13675 | D:10     | Noticed a troll
 14140 | D:10     | Noticed a gargoyle
 14549 | D:10     | Killed a gargoyle
 14550 | D:10     | Reached XP level 10. HP: 80/80 MP: 17/17
 14645 | D:10     | Reached *** piety under Zin
 14723 | D:10     | Killed a two-headed ogre
 14724 | D:10     | Reached skill level 5 in Short Blades
 14724 | D:10     | Reached skill level 5 in Long Blades
 14724 | D:10     | Reached skill level 5 in Axes
 14724 | D:10     | Reached skill level 5 in Polearms
 14724 | D:10     | Reached skill level 5 in Staves
 14724 | D:10     | Reached skill level 5 in Slings
 14724 | D:10     | Reached skill level 5 in Bows
 14724 | D:10     | Reached skill level 5 in Crossbows
 14724 | D:10     | Reached skill level 5 in Throwing
 14724 | D:10     | Reached skill level 5 in Armour
 14724 | D:10     | Reached skill level 5 in Shields
 14724 | D:10     | Reached skill level 5 in Unarmed Combat
 14724 | D:10     | Reached skill level 5 in Spellcasting
 14724 | D:10     | Reached skill level 5 in Evocations
 14770 | D:10     | Found a staircase to the Lair.
 14908 | D:10     | Identified the +1 leather armour of the Ant {Harm Str+4
                  | Int+5 Dex-2}
 15483 | D:10     | Reached skill level 11 in Stealth
 16086 | D:11     | Noticed a frost giant
 16086 | D:11     | Noticed a cyclops
 16088 | D:11     | Noticed a white ugly thing
 16094 | D:11     | Noticed a gargoyle
 16406 | D:11     | Noticed Josephine
 16585 | D:11     | Killed a cyclops
 16802 | D:11     | Killed Josephine
 16803 | D:11     | Reached XP level 11. HP: 41/87 MP: 19/19
 16840 | D:11     | HP: 4/87 [frost giant/bolt of cold (25)]
 17741 | D:11     | Reached skill level 5 in Conjurations
 17741 | D:11     | Reached skill level 5 in Hexes
 17741 | D:11     | Reached skill level 5 in Summonings
 17741 | D:11     | Reached skill level 5 in Necromancy
 17741 | D:11     | Reached skill level 5 in Translocations
 17741 | D:11     | Reached skill level 5 in Transmutations
 17741 | D:11     | Reached skill level 5 in Fire Magic
 17741 | D:11     | Reached skill level 5 in Ice Magic
 17741 | D:11     | Reached skill level 5 in Air Magic
 17741 | D:11     | Reached skill level 5 in Earth Magic
 17741 | D:11     | Reached skill level 5 in Poison Magic
 17863 | D:12     | Found a staircase to the Orcish Mines.
 17864 | D:12     | Noticed a six-headed hydra
 17865 | D:12     | Noticed a cyclops
 17868 | D:12     | Noticed a two-headed ogre
 18582 | D:1      | Killed Natasha
 19070 | D:3      | Killed Dowan
 19075 | D:3      | Killed Duvessa
 20502 | D:7      | Got the Papyrus of the Wilderness
 20508 | D:7      | Identified the +0 helmet of Sioryme {Rampage Int-2 SInv}
 20582 | D:7      | Learned a level 2 spell: Poisonous Vapours
 20585 | D:7      | Learned a level 2 spell: Blink
 20589 | D:7      | Learned a level 3 spell: Mephitic Cloud
 20593 | D:7      | Learned a level 3 spell: Summon Guardian Golem
 20751 | D:10     | Killed a boulder beetle
 20977 | Lair:1   | Entered Level 1 of the Lair of Beasts
 21596 | Lair:1   | Noticed a lindwurm
 22031 | D:10     | Killed a lindwurm
 22138 | Lair:1   | Reached XP level 12. HP: 96/96 MP: 14/22
 22308 | Lair:1   | Noticed louisi3's ghost (journeyman MiMo)
 22311 | Lair:1   | Found a runed translucent door.
 22312 | Lair:1   | Noticed a boulder beetle
 23363 | Lair:1   | Learned a level 2 spell: Ensorcelled Hibernation
 23404 | Lair:2   | Reached skill level 12 in Stealth
 23887 | Lair:2   | Reached **** piety under Zin
 23991 | Lair:2   | Reached skill level 10 in Fighting
 24174 | Lair:2   | Found a snail-covered altar of Cheibriados.
 24338 | Lair:2   | Noticed a seven-headed hydra
 24393 | Lair:2   | Noticed a five-headed hydra
 24406 | Lair:2   | Noticed a six-headed hydra
 24719 | D:10     | Learned a level 4 spell: Iskenderun's Mystic Blast
 25193 | D:10     | Found a staircase to the Lair.
 25561 | D:10     | Killed a six-headed hydra
 25885 | Lair:2   | Killed a five-headed hydra
 26179 | Lair:2   | Noticed a six-headed hydra
 26243 | Lair:2   | Killed a six-headed hydra
 26368 | Lair:2   | Reached XP level 13. HP: 103/103 MP: 24/24
 26553 | Lair:2   | Found a staircase to the Shoals.
 27486 | Lair:3   | Found a staircase to the Snake Pit.
 29001 | Lair:5   | Found a staircase to the Slime Pits.
 29001 | Lair:5   | Found a viscous altar of Jiyva.
 29061 | Lair:5   | Found a shimmering blue altar of Sif Muna.
 29883 | Lair:5   | Reached ***** piety under Zin
 30451 | Lair:6   | Entered Level 6 of the Lair of Beasts
 30503 | Lair:6   | Noticed Rupert
 31491 | D:12     | Found a bloodstained altar of Trog.
 31598 | D:12     | Identified the +6 spear of a volcano {vorpal, Str-4 Dex+6}
 33114 | Orc:1    | Entered Level 1 of the Orcish Mines
 33903 | D:11     | Reached skill level 10 in Maces & Flails
 33903 | D:11     | Reached skill level 10 in Dodging
 34007 | D:12     | Reached XP level 14. HP: 110/113 MP: 20/26
 35748 | Orc:2    | Entered Level 2 of the Orcish Mines
 36191 | Orc:1    | Reached ****** piety under Zin
 36254 | Orc:2    | Reached skill level 13 in Stealth
 36405 | Orc:2    | Noticed Erolcha
 36510 | Orc:1    | Killed Erolcha
 36980 | Orc:2    | Found a staircase to the Elven Halls.
 37611 | Orc:2    | Reached skill level 10 in Invocations
 37720 | Orc:2    | Noticed Maurice
 37730 | Orc:2    | Killed Maurice
 37774 | Orc:2    | Found an iron altar of Okawaru.
 39724 | Orc:2    | Found Teczeuwn's Jewellery Boutique.
 39724 | Orc:2    | Found Apryky's Magic Scroll Emporium.
 39726 | Orc:2    | Found Amugh's Jewellery Shoppe.
 39728 | Orc:2    | Found Buucsiut's Armour Shop.
 39740 | Orc:2    | Bought a scroll of identify for 36 gold pieces
 39740 | Orc:2    | Bought a scroll of identify for 36 gold pieces
 39745 | Orc:2    | Bought a +2 cloak of preservation for 258 gold pieces
 39762 | Orc:2    | Bought a scroll of blinking for 135 gold pieces
 39762 | Orc:2    | Bought a scroll of blinking for 135 gold pieces
 40780 | D:11     | Killed a frost giant
 41326 | Lair:1   | Killed louisi3's ghost
 41446 | Lair:1   | Identified the +5 falchion "Ontes" {drain, rElec Int+2}
 41479 | Lair:1   | Upgraded the game from 0.28-a0-1518-gbe868bca14 to
                  | 0.28-a0-1524-ge72afd5fc6
 43144 | Lair:6   | Paralysed by Rupert for 5 turns
 43843 | Lair:6   | Paralysed by Rupert for 5 turns
 44377 | D:12     | Learned a level 4 spell: Summon Lightning Spire
 44486 | D:13     | Found Qaen Doa's Armour Emporium.
 44739 | D:13     | Reached XP level 15. HP: 120/120 MP: 26/28
 45313 | D:13     | Found a gate to the Vaults.
 45425 | D:13     | Reached skill level 10 in Short Blades
 45425 | D:13     | Reached skill level 10 in Long Blades
 45425 | D:13     | Reached skill level 10 in Axes
 45425 | D:13     | Reached skill level 10 in Polearms
 45425 | D:13     | Reached skill level 10 in Staves
 45425 | D:13     | Reached skill level 10 in Slings
 45425 | D:13     | Reached skill level 10 in Bows
 45425 | D:13     | Reached skill level 10 in Crossbows
 45425 | D:13     | Reached skill level 10 in Throwing
 45425 | D:13     | Reached skill level 10 in Armour
 45425 | D:13     | Reached skill level 10 in Shields
 45425 | D:13     | Reached skill level 10 in Unarmed Combat
 45425 | D:13     | Reached skill level 10 in Spellcasting
 45425 | D:13     | Reached skill level 10 in Evocations
 45980 | D:13     | Learned a level 4 spell: Fulminant Prism
 46263 | D:14     | Noticed Frances
 47927 | D:14     | Found a blossoming altar of Fedhas.
 48276 | D:14     | Noticed Snorg
 48779 | D:14     | Killed Snorg
 48945 | D:14     | Noticed Azrael
 48950 | D:14     | Killed Azrael
 48951 | D:14     | Reached skill level 14 in Stealth
 49255 | D:14     | Found the +3 crown of Dyrovepreva {rElec Int+2 SInv}
 49266 | D:14     | Identified the +4 plate armour of Qeynioro {*Corrode rF-
                  | Int+9 SInv}
 49308 | D:14     | Reached XP level 16. HP: 128/128 MP: 18/30
 49362 | D:13     | Learned a level 3 spell: Swiftness
 49509 | Shoals:1 | Entered Level 1 of the Shoals
 49509 | Shoals:1 | Noticed a kraken
 49642 | Shoals:1 | Killed a kraken
 50250 | Shoals:1 | Found Qetsoil's Gadget Gallery.
 52977 | Shoals:3 | Noticed a kraken
 52977 | Shoals:3 | Noticed a kraken
 52977 | Shoals:3 | Noticed a kraken
 52977 | Shoals:3 | Noticed a kraken
 53252 | Shoals:2 | Noticed Polyphemus
 53617 | Shoals:2 | Killed Polyphemus
 56746 | Shoals:3 | Identified the +3 ring mail of Viliwnys {rN+ SInv}
 57049 | Shoals:4 | Entered Level 4 of the Shoals
 57049 | Shoals:4 | Noticed Mara
 57787 | Shoals:2 | Reached XP level 17. HP: 115/136 MP: 21/32
 58184 | Shoals:3 | Noticed Louise
 58302 | Shoals:3 | Killed Louise
 58832 | D:14     | Killed Frances
 59032 | D:15     | Entered Level 15 of the Dungeon
 59191 | D:15     | Found Pydan's Antique Armour Shop.
 59848 | D:15     | Bought a garnet-encrusted scale mail for 279 gold pieces
 59848 | D:15     | Identified the +1 scale mail of the Pleiades {Str+7 Int-4}
                  | (You bought it in a shop on level 15 of the Dungeon)
 60090 | D:15     | Found a staircase to the Depths.
 60895 | Elf:1    | Entered Level 1 of the Elven Halls
 60896 | Elf:1    | Found a magical portal.
 61581 | Elf:1    | Noticed an Executioner
 62967 | Orc:2    | Reached skill level 10 in Conjurations
 62967 | Orc:2    | Reached skill level 10 in Hexes
 62967 | Orc:2    | Reached skill level 10 in Summonings
 62967 | Orc:2    | Reached skill level 10 in Necromancy
 62967 | Orc:2    | Reached skill level 10 in Translocations
 62967 | Orc:2    | Reached skill level 10 in Transmutations
 62967 | Orc:2    | Reached skill level 10 in Fire Magic
 62967 | Orc:2    | Reached skill level 10 in Ice Magic
 62967 | Orc:2    | Reached skill level 10 in Air Magic
 62967 | Orc:2    | Reached skill level 10 in Earth Magic
 62967 | Orc:2    | Reached skill level 10 in Poison Magic
 63647 | Orc:1    | HP: 6/137 [+1 vorpal mace (6)]
 64425 | Orc:2    | Bought +2 pearl dragon scales for 1300 gold pieces
 64608 | Elf:1    | Noticed an Executioner
 65125 | Elf:1    | Paralysed by an air elemental for 1 turns
 65207 | Elf:1    | Paralysed by an air elemental for 1 turns
 65379 | Orc:2    | Reached skill level 15 in Stealth
 67518 | Elf:1    | Upgraded the game from 0.28-a0-1524-ge72afd5fc6 to
                  | 0.28-a0-1555-g9ae15a6949
 67623 | Elf:1    | Got the Tome of Intimidation
 68634 | Elf:1    | Reached XP level 18. HP: 134/136 MP: 21/34
 69405 | Elf:2    | Noticed a deep elf blademaster
 69419 | Elf:2    | Noticed a deep elf master archer
 69438 | Elf:1    | Killed a deep elf blademaster
 69597 | Elf:2    | Killed a deep elf master archer
 70813 | Elf:2    | Found a huge runed translucent gate.
 70813 | Elf:2    | Found a huge runed translucent gate.
 70813 | Elf:2    | Found a huge runed translucent gate.
 70813 | Elf:2    | Found a huge runed translucent gate.
 70813 | Elf:2    | Found a huge runed translucent gate.
 70813 | Elf:2    | Noticed Nikola
 71099 | Elf:3    | Entered Level 3 of the Elven Halls
 71132 | Elf:2    | Found a transporter.
 71148 | Elf:2    | Paralysed by an air elemental for 1 turns
 71151 | Elf:2    | Paralysed by an air elemental for 1 turns
 71155 | Elf:2    | Paralysed by an air elemental for 1 turns
 71161 | Elf:1    | Paralysed by an air elemental for 1 turns
 71263 | Elf:2    | Identified the ring "Nuedivol" {Drain rC- EV+4 Dex+8 SInv}
 71263 | Elf:2    | Noticed a deep elf blademaster
 71420 | Elf:2    | Noticed a deep elf blademaster
 71426 | Elf:2    | Found a bloodstained altar of Trog.
 71432 | Elf:2    | Found a transporter.
 71440 | Elf:2    | Got the Reference Book on Toxins and Lightness
 71449 | Elf:2    | Noticed RBrandon's ghost (adept DEEn)
 71913 | Elf:3    | Paralysed by an air elemental for 1 turns
 71917 | Elf:3    | Paralysed by an air elemental for 1 turns
 71928 | Elf:3    | Paralysed by an air elemental for 1 turns
 71934 | Elf:3    | HP: 6/145 [+2 scimitar of freezing (18)]
 71936 | Elf:3    | Paralysed by an air elemental for 1 turns
 71936 | Elf:3    | Slain by a +1 battleaxe of electrocution

Illustrated notes

Levels and vault maps discovered:
D:1:      nagdon_arrival_double_spiral, layout_loops_ring
D:2:      layout_basic, grunt_ministairs_13, uniq_natasha, uniq_robin,
          uniq_jessica
D:3:      layout_basic, minmay_overflow_temple_star_hex, dk_noncrumbling_2,
          dk_noncrumbling_4, kennysheep_cross_bottleneck
D:4:      layout_cave_pools, corexii_hall_statues_u, uniq_duvessa
D:5:      layout_loops_corners, kennysheep_diamond, minmay_misc_feat_iff,
          hangedman_abyss_or_decor_slice, minmay_misc_feat_x, minivault_25,
          serial_bayou_pond_a
D:6:      layout_cave_pools
D:7:      gammafunk_beogh_shrine, layout_loops_ring,
          mainiacjoe_overflow_brackets, temple_hall, minmay_shop_damaged
D:8:      layout_gridville, chequers_serial_rivers_large_b, uniq_prince_ribbit1,
          uniq_harold
D:9:      layout_gridville, serial_bayou_lagoon_a, small_statue_alley_b
D:10:     layout_loops_ring, david_lair_shrubbed, nzn_sisyphean_effort
D:11:     layout_irregular_city, serial_column_ruins, column_ruins_hut_ruined,
          column_ruins_courtyard_long, column_ruins_open_tiny,
          column_ruins_grid_1, column_ruins_grid_1, column_ruins_grid_3,
          column_ruins_columns_dead_end, column_ruins_open_tiny,
          eino_tiny_chamber, kennysheep_island_fort, uniq_josephine
D:12:     hangedman_what_comes_after_a, layout_long_grid, orc_0_dummy,
          trog_ov_bears_minmay
D:13:     layout_loops_ring, erik_vaults_2, serial_shops, shop_statue
D:14:     minmay_the_grid_octo_2x2 [minmay_the_grid_octo_checkered,
          minmay_the_grid_octo_focus, minmay_the_grid_octo_fan_narrow,
          minmay_the_grid_octo_prize_ultimate_mussel_roller],
          layout_irregular_city, fedhas_altar_4, uniq_snorg, uniq_azrael,
          uniq_frances
D:15:     grunt_enter_depths_hoard, layout_basic, serial_shops, shop_fountains
Temple:   eino_temple_scatter_basement
Lair:1:   layout_loops_ring, ebering_ghost_inner_flame
Lair:2:   layout_cave_shapes, minmay_shoals_entry_hut, kennysheep_snail_temple
Lair:3:   layout_hall_layers, guppyfry_snake_entry_garden,
          infiniplex_staircase_pool_2
Lair:4:   layout_cave_shapes
Lair:5:   layout_small_grid, slime_altar_1, basic_altar
Lair:6:   due_jungle_book, layout_loops_ring, infiniplex_staircase_pool,
          uniq_rupert
Shoals:1: layout_shoals, nicolae_shop_gadgets
Shoals:2: layout_shoals, nicolae_shoals_secluded_bog, uniq_polyphemus
Shoals:3: layout_shoals, nicolae_shoals_circle_sea_wall,
          nicolae_shoals_kraken_party, uniq_louise
Shoals:4: shoals_end_simple, layout_shoals, uniq_bai_suzhen, uniq_mara
Orc:1:    layout_diamond_mine, basic_altar
Orc:2:    st_orc_rangers, layout_diamond_mine, special_room, basic_altar,
          okawaru_metal_pillars_3, uniq_erolcha, uniq_maurice
Elf:1:    layout_rooms, portal_ice_cave_entry_ice_simulacra,
          infiniplex_enter_wizlab_glasses, minmay_elf_demonology,
          minmay_misc_feat_five
Elf:2:    elven_hall_of_blades_hangedman_alternative
          [nicolae_blade_little_rooms], layout_gridlike,
          gammafunk_ghost_wrathful_warriors, nicolae_elf_martial_mastery,
          uniq_nikola
Elf:3:    minmay_elf_hall_hex, layout_rooms

Skill      XL: |  1  2  3  4  5  6  7  8  9 10 11 12 13 14 15 16 17 18 |
---------------+-------------------------------------------------------+-----
Stealth        | 10 11 12 13 14 15 | 15.2
Invocations    | 1 2 3 4 5 6 7 8 9 10 11 12 13 | 13.3
Short Blades   | 1 2 3 4 5 6 7 8 9 10 11 12 | 12.3
Long Blades    | 1 2 3 4 5 6 7 8 9 10 11 12 | 12.3
Axes           | 1 2 3 4 5 6 7 8 9 10 11 12 | 12.3
Polearms       | 1 2 3 4 5 6 7 8 9 10 11 12 | 12.3
Staves         | 1 2 3 4 5 6 7 8 9 10 11 12 | 12.3
Slings         | 1 2 3 4 5 6 7 8 9 10 11 12 | 12.3
Bows           | 1 2 3 4 5 6 7 8 9 10 11 12 | 12.3
Crossbows      | 1 2 3 4 5 6 7 8 9 10 11 12 | 12.3
Throwing       | 1 2 3 4 5 6 7 8 9 10 11 12 | 12.3
Armour         | 1 2 3 4 5 6 7 8 9 10 11 12 | 12.3
Shields        | 1 2 3 4 5 6 7 8 9 10 11 12 | 12.3
Unarmed Combat | 1 2 3 4 5 6 7 8 9 10 11 12 | 12.3
Spellcasting   | 1 2 3 4 5 6 7 8 9 10 11 12 | 12.3
Evocations     | 1 2 3 4 5 6 7 8 9 10 11 12 | 12.3
Conjurations   | 1 2 3 4 5 6 7 8 9 10 | 10.4
Hexes          | 1 2 3 4 5 6 7 8 9 10 | 10.4
Summonings     | 1 2 3 4 5 6 7 8 9 10 | 10.4
Necromancy     | 1 2 3 4 5 6 7 8 9 10 | 10.4
Translocations | 1 2 3 4 5 6 7 8 9 10 | 10.4
Transmutations | 1 2 3 4 5 6 7 8 9 10 | 10.4
Fire Magic     | 1 2 3 4 5 6 7 8 9 10 | 10.4
Ice Magic      | 1 2 3 4 5 6 7 8 9 10 | 10.4
Air Magic      | 1 2 3 4 5 6 7 8 9 10 | 10.4
Earth Magic    | 1 2 3 4 5 6 7 8 9 10 | 10.4
Poison Magic   | 1 2 3 4 5 6 7 8 9 10 | 10.4
Maces & Flails | 5 6 7 8 9 10 11 12 13 | 13.1
Dodging        | 5 6 7 8 9 10 11 12 13 | 13.1
Fighting       | 7 8 9 10 11 12 13 | 13.8

Action                   |  1- 3 |  4- 6 |  7- 9 | 10-12 | 13-15 | 16-18 || total
-------------------------+-------+-------+-------+-------+-------+-------++-------
Melee: Mace              |    72 |   150 |       |       |       |       ||   222
       Bite              |     9 |    16 |    56 |   135 |   235 |   131 ||   582
       Punch             |     1 |     6 |     3 |       |       |       ||    10
       Unarmed           |       |     4 |       |       |       |       ||     4
       Dagger            |       |    40 |   350 |   531 |  1068 |   225 ||  2214
       Falchion          |       |    10 |    24 |       |       |       ||    34
       Flail             |       |       |    75 |       |       |       ||    75
       Long sword        |       |       |     6 |   164 |    96 |       ||   266
       Short sword       |       |       |       |    10 |     1 |       ||    11
       Scimitar          |       |       |       |       |   230 |   240 ||   470
       Rapier            |       |       |       |       |       |   340 ||   340
Throw: Dart              |       |     4 |       |     7 |   144 |    12 ||   167
       Boomerang         |       |     5 |     5 |    57 |   121 |   157 ||   345
       Javelin           |       |       |       |       |    20 |     2 ||    22
 Cast: Poisonous Vapours |       |       |       |    43 |     5 |   230 ||   278
       Mephitic Cloud    |       |       |       |     5 |     3 |    14 ||    22
       Summon Guardian G |       |       |       |    14 |   104 |    24 ||   142
       Iskenderun's Myst |       |       |       |     1 |       |    11 ||    12
       Blink             |       |       |       |       |     1 |       ||     1
       Summon Lightning  |       |       |       |       |    34 |   142 ||   176
       Fulminant Prism   |       |       |       |       |    27 |    54 ||    81
       Ensorcelled Hiber |       |       |       |       |       |     2 ||     2
       Swiftness         |       |       |       |       |       |     2 ||     2
Invok: Imprison          |       |       |       |     1 |       |       ||     1
       Recite            |       |       |       |       |    41 |     1 ||    42
Evoke: Wand              |       |     1 |     5 |    29 |    12 |    15 ||    62
  Use: Potion            |       |     2 |     1 |     2 |     4 |     9 ||    18
       Scroll            |       |     1 |    12 |     3 |     7 |     7 ||    30
 Stab: Sleeping          |    11 |     9 |    12 |     9 |    21 |    16 ||    78
       Distracted        |       |     2 |       |       |     8 |    16 ||    26
       Confused          |       |       |       |     1 |    12 |     5 ||    18
       Paralysed         |       |       |       |       |    10 |     1 ||    11
       Invisible         |       |       |       |       |     3 |       ||     3
Armor: Leather armour    |    12 |    53 |    27 |       |       |       ||    92
       Steam dragon scal |       |       |   101 |   177 |    18 |     5 ||   301
       Ring mail         |       |       |       |       |   432 |   311 ||   743
       Pearl dragon scal |       |       |       |       |       |    11 ||    11
Dodge: Dodged            |    44 |   131 |   334 |   380 |   745 |   547 ||  2181
Block: Buckler           |       |       |    54 |   175 |   371 |   295 ||   895

Table legend: (Time is in decaauts)
 A = Elapsed time spent in this place.
 B = Non-inter-level travel time spent in this place.
 C = Inter-level travel time spent in this place.
 D = Time resting spent in this place.
 E = Time spent auto-exploring this place.
 F = Levels seen in this place.
 G = Mean time per level.
                   A        B        C        D        E       F      G
               +--------+--------+--------+--------+--------+-----+--------+
         Total |  71741 |  66729 |   5012 |  28953 |  12553 |  31 | 2314.2 |
       Dungeon |  36357 |  33339 |   3018 |  12400 |   8570 |  15 | 2423.8 |
        Temple |    184 |    174 |     10 |      0 |    143 |   1 |  184.0 |
          Lair |  11176 |   9854 |   1322 |   3046 |   3293 |   6 | 1862.7 |
        Shoals |   8555 |   8208 |    347 |   4333 |      0 |   4 | 2138.8 |
  Orcish Mines |  10568 |  10295 |    273 |   6823 |    340 |   2 | 5284.0 |
   Elven Halls |   4899 |   4858 |     41 |   2349 |    206 |   3 | 1633.0 |
               +--------+--------+--------+--------+--------+-----+--------+

Top non-repeatable levels by time:
   Orc:2: 7668 daAuts
    D:10: 4512 daAuts
Shoals:2: 3934 daAuts
    D:11: 3823 daAuts
   Elf:1: 3601 daAuts
    D:12: 3560 daAuts
Shoals:1: 3139 daAuts
  Lair:5: 3137 daAuts
    D:14: 3132 daAuts
     D:7: 2932 daAuts
   Orc:1: 2899 daAuts
    D:13: 2869 daAuts
  Lair:2: 2543 daAuts
     D:8: 2430 daAuts
  Lair:1: 2313 daAuts
